 Dungeon Sprint DCSS version 0.17-a0-1718-g72dbe4d (webtiles) character file.

352 Kidiri the Covert (level 6, -10/28 HPs)
             Began as a Spriggan Enchanter on Aug 25, 2015.
             Mangled by a boulder beetle (38 damage)
             ... in the Dungeon (Sprint II: "The Violet Keep of Menkaure").
             The game lasted 00:01:14 (277 turns).

Kidiri the Covert (Spriggan Enchanter)               Turns: 277, Time: 00:01:15

Health: -10/28     AC:  3    Str:  4    XL:     6   Next: 35%
Magic:  16/18      EV: 26    Int: 17    God:
Gold:   486        SH:  0    Dex: 18    Spells: 5 memorised, 10 levels left

rFire  . . .     SeeInvis +     a - +1 dagger
rCold  . . .     Clarity  .     b - +1 robe
rNeg   . . .     SustAt   .     (shield restricted)
rPois  .         Gourm    .     (helmet restricted)
rElec  .         Spirit   .     (no cloak)
rCorr  .         Warding  .     (gloves unavailable)
rMut   .         NoTele   +     (boots unavailable)
MR     +....                    (no amulet)
Stlth  ++++++....               (no ring)
                                (no ring)

@: very quick, somewhat resistant to hostile enchantments, very stealthy
A: unfitting armour, see invisible, herbivore 3, speed 3, slow metabolism 2
a: no special abilities


You were in the Dungeon.
You were not hungry.

You visited 1 branch You collected 486 gold pieces.

Inventory:

Hand weapons
 a - a +1 dagger (weapon)
Armour
 b - a +1 robe (worn)
Scrolls
 j - a scroll of blinking
Potions
 e - a potion of curing
 f - a potion of heal wounds
 g - a potion of haste
 h - 2 potions of magic
Books
 c - a book of Maledictions

   Spells                             Type                      Level
   a - Corona                         Hexes                        1
   b - Ensorcelled Hibernation        Hexes/Ice                    2
   c - Confuse                        Hexes                        3
   d - Tukima's Dance                 Hexes                        3
   e - Dazzling Spray                 Conjuration/Hexes            3
Comestibles
 d - a bread ration


   Skills:
 + Level 5.1 Short Blades
 * Level 10.1 Dodging
 * Level 11.3 Stealth
 * Level 8.6 Spellcasting
 + Level 0.2 Conjurations
 + Level 6.6 Hexes
 + Level 0.1 Ice Magic


You had 10 spell levels left.
You knew the following spells:

 Your Spells              Type           Power        Failure   Level  Hunger
a - Corona                Hex            ####...      1%          1    None
b - Ensorcelled Hibernat  Hex/Ice        ###...       3%          2    None
c - Confuse               Hex            ####....     1%          3    #......
d - Tukima's Dance        Hex            ####....     1%          3    #......
e - Dazzling Spray        Conj/Hex       ###.....     10%         3    #......


Dungeon Overview and Level Annotations

Branches:
Dungeon (1/1)

Altars:


Innate Abilities, Weirdness & Mutations

You are tiny and cannot use many weapons and most armour.
You have supernaturally acute eyesight.
You are a herbivore.
You cover ground extremely quickly.
You need consume almost no food.


Message History

You see here 243 gold pieces.
The helpless boulder beetle fails to defend itself.
You spit the boulder beetle like a pig!!!
The boulder beetle is almost dead.
Unknown command.
Casting: Ensorcelled Hibernation
Confirm with . or Enter, or press ? or * to list all spells.
Aiming: Dazzling Spray
Press: ? - help, Shift-Dir - straight line, f - boulder beetle
Aim: a boulder beetle (almost dead)
Okay, then.
Unknown command.
Casting: Dazzling Spray
Confirm with . or Enter, or press ? or * to list all spells.
Aiming: Ensorcelled Hibernation
Press: ? - help, Shift-Dir - straight line, f - boulder beetle
Aim: a boulder beetle (almost dead, chance to defeat MR: 31%)
The boulder beetle easily resists.
The boulder beetle bites you!!!
Ouch! That really hurt!
You die...

##+## ##.#.##
#.B#B.#
####.#@####
##.###'###.##
#...##.##...#
+.##'.<.+##.+
#..%##.##.###
##.###+###.#
### ... ###
..#m. ##. .##


You could see a boulder beetle.

Vanquished Creatures
  4 necrophages (D)
  3 worms (D)
7 creatures vanquished.

Notes
Turn   | Place    | Note
--------------------------------------------------------------
     0 | D        | Kidiri the Spriggan Enchanter began the quest for the Orb.
     0 | D        | Reached XP level 1. HP: 9/9 MP: 5/5
     1 | D        | Noticed a boulder beetle
     1 | D        | Noticed a boulder beetle
     4 | D        | Noticed a necrophage
     4 | D        | Noticed a necrophage
     4 | D        | Noticed a necrophage
     4 | D        | Noticed a necrophage
    13 | D        | Killed a necrophage
    13 | D        | Reached skill level 6 in Dodging
    13 | D        | Reached skill level 8 in Stealth
    13 | D        | Reached skill level 5 in Spellcasting
    13 | D        | Reached skill level 5 in Hexes
    13 | D        | Reached XP level 2. HP: 13/13 MP: 5/9
    13 | D        | Reached XP level 3. HP: 16/16 MP: 6/11
    13 | D        | Reached XP level 4. HP: 21/21 MP: 6/12
    18 | D        | Killed a necrophage
    18 | D        | Reached skill level 9 in Stealth
    18 | D        | Reached XP level 5. HP: 24/24 MP: 6/15
    21 | D        | Killed a necrophage
    21 | D        | Reached skill level 10 in Stealth
    37 | D        | Killed a necrophage
    37 | D        | Reached skill level 5 in Short Blades
    37 | D        | Reached skill level 10 in Dodging
    37 | D        | Reached skill level 11 in Stealth
    37 | D        | Reached XP level 6. HP: 10/28 MP: 8/18
    58 | D        | Learned a level 2 spell: Ensorcelled Hibernation
    62 | D        | Learned a level 3 spell: Confuse
    66 | D        | Learned a level 3 spell: Tukima's Dance
    70 | D        | Learned a level 3 spell: Dazzling Spray
   229 | D        | Noticed a siren
   277 | D        | Mangled by a boulder beetle

Vault maps used:
D:        the_violet_keep_of_menkaure

Action                   |  1- 3 |  4- 6 || total
-------------------------+-------+-------++-------
Melee: Dagger            |     5 |    28 ||    33
 Cast: Ensorcelled Hiber |       |     3 ||     3
  Use: Potion            |     1 |       ||     1
 Stab: Sleeping          |       |     4 ||     4
